 Dungeon Crawl Stone Soup version 0.19-a0-1922-g1e9a4c1 (webtiles) character file.

108 vev the Ducker (level 4, 0/40 HPs)
             Began as a Deep Dwarf Venom Mage on Oct 24, 2016.
             Slain by Ijyb
             ... wielding a +0 club
              (1 damage)
             ... on level 3 of the Dungeon.
             The game lasted 00:05:40 (2190 turns).

vev the Ducker (Deep Dwarf Venom Mage)              Turns: 2190, Time: 00:05:40

Health: 0/40       AC:  3    Str: 11    XL:     4   Next: 58%
Magic:  6/6        EV: 14    Int: 16    God:
Gold:   55         SH:  0    Dex: 14    Spells: 1 memorised, 5 levels left

rFire  . . .     SeeInvis .     l - +0 spear
rCold  . . .     Gourm    .     a - +0 robe
rNeg   . . .     Faith    .     (no shield)
rPois  .         Spirit   .     (no helmet)
rElec  .         Reflect  .     m - +0 cloak
rCorr  .         Harm     .     (no gloves)
MR     .....     Rnd*Tele +     (no boots)
Stlth  ++........               (no amulet)
                                (no ring)
                                q - ring of teleportation (curse)

@: non-regenerating
A: damage resistance, recharge devices, sense surroundings 1, slow regeneration
3
a: Device Recharging


You were on level 3 of the Dungeon.
You were not hungry.

You visited 1 branch of the dungeon, and saw 3 of its levels.

You collected 55 gold pieces.

Inventory:

Hand Weapons
 i - a +0 dagger
 l - a +0 spear (weapon)
Missiles
 f - 21 poisoned needles
Armour
 a - a +0 robe (worn)
 m - a +0 cloak (worn)
Jewellery
 q - a cursed ring of teleportation (left hand)
Wands
 c - a wand of heal wounds (3/9)
Scrolls
 o - a scroll of immolation {unknown}
Potions
 e - a potion of berserk rage {unknown}
 g - 2 potions of invisibility {unknown}
 j - a potion of might {unknown}
 p - a potion of curing {unknown}
Books
 b - a Young Poisoner's Handbook

   Spells                             Type                      Level
   a - Sting                          Conjuration/Poison           1
   b - Mephitic Cloud                 Conjuration/Poison/Air       3
   c - Olgreb's Toxic Radiance        Poison                       4
   d - Alistair's Intoxication        Transmutation/Poison         5
   e - Venom Bolt                     Conjuration/Poison           5
Comestibles
 d - a bread ration
 h - 2 meat rations
 k - 3 fruits
 n - 4 chunks of flesh


   Skills:
 + Level 2.4 Fighting
 + Level 4.2 Dodging
 - Level 2.4 Stealth
 - Level 1.7 Spellcasting
 - Level 3.2 Poison Magic


You had 5 spell levels left.
You knew the following spells:

 Your Spells              Type           Power        Failure   Level  Hunger
a - Sting                 Conj/Pois      #...         12%         1    ##.....


Dungeon Overview and Level Annotations

Branches:
Dungeon (3/15)

Altars:

Annotations:
D:2 Jessica
D:3 Ijyb


Innate Abilities, Weirdness & Mutations

You are resistant to damage.
You can recharge devices by infusing magical energy.
You passively map a small area around you.
You do not regenerate.


Message History

Ijyb is heavily wounded.
Ijyb hits you with a club.
* * * LOW HITPOINT WARNING * * *
You closely miss Ijyb.
Ijyb is heavily wounded.
Ijyb hits you but does no damage.
You miss Ijyb.
Ijyb is heavily wounded.
Ijyb hits you with a club.
* * * LOW HITPOINT WARNING * * *
You hit Ijyb.
Ijyb is heavily wounded.
Ijyb closely misses you.
You hit Ijyb.
Ijyb is severely wounded.
Ijyb closely misses you.
You closely miss Ijyb.
Ijyb is severely wounded.
Ijyb hits you with a club.
You die...

#............#.....
** *
#.##.).#......... ,
#...#............
###.#..............
.......#...........
,
,##.................
#.#...<...$....... ,
* ,#
#..#............ , ,
#..#....@..$..?. ,
#..####.g....... * ,
,,. , #......... , ,
, * #..$...... * *
,#......... , ** *
#...$..... ,
,#.......## ,* **
#.......# * , , , *


You could see Ijyb.

Vanquished Creatures
  5 adders (D:2)
  A worm (D:1)
  A dart slug (D:1)
  4 leopard geckos
  5 bats (D:1)
  4 giant cockroaches
  4 goblins (D:1)
  2 hobgoblins (D:1)
  2 quokkas
  A frilled lizard (D:1)
  6 kobolds
  26 rats
61 creatures vanquished.

Notes
Turn   | Place    | Note
-------+----------+-------------------------------------------
     0 | D:1      | vev the Deep Dwarf Venom Mage began the quest for the Orb.
     0 | D:1      | Reached XP level 1. HP: 15/15 MP: 3/3
   247 | D:1      | Reached XP level 2. HP: 18/24 MP: 0/4
   446 | D:1      | Reached skill level 1 in Fighting
   576 | D:1      | Reached skill level 3 in Dodging
   896 | D:1      | Reached XP level 3. HP: 31/31 MP: 5/5
  1625 | D:2      | Reached skill level 2 in Fighting
  1645 | D:2      | Reached XP level 4. HP: 11/39 MP: 6/6
  1923 | D:2      | Reached skill level 4 in Dodging
  2093 | D:2      | Noticed Jessica
  2169 | D:3      | Noticed Ijyb
  2187 | D:3      | HP: 1/40 [Ijyb/club (5)]
  2190 | D:3      | Slain by Ijyb

Vault maps used:
D:1:      dpeg_arrival_simpleton_a, minivault_19
D:2:      first_bread, minmay_rat_hole, uniq_jessica
D:3:      gammafunk_temple_overflow_forgotten, bh_walls_and_bars, uniq_iyjb

Skill      XL: |  1  2  3  4 |
---------------+-------------+-----
Fighting       | 1 2 |  2.4
Dodging        | 3 4 |  4.2
Stealth        | |  2.4
Spellcasting   | |  1.7
Poison Magic   | |  3.2

Action                   |  1- 3 |  4- 6 || total
-------------------------+-------+-------++-------
Melee: Dagger            |    70 |       ||    70
       Spear             |    79 |    89 ||   168
 Cast: Sting             |    42 |     6 ||    48
Evoke: Wand              |     1 |     1 ||     2
  Use: Scroll            |       |     3 ||     3
 Stab: Sleeping          |     1 |       ||     1
  Eat: Chunk             |     4 |     2 ||     6
Armor: Robe              |    35 |    13 ||    48
Dodge: Dodged            |   110 |    65 ||   175
